[Event "ICS rated blitz match"]
[Site "192.231.221.16"]
[Date "1997.04.29"]
[Round "-"]
[White "Brause"]
[Black "deep-modem"]
[Result "0-1"]
[WhiteElo "2643"]
[BlackElo "2761"]
[TimeControl "120+12"]

1. e4 e6 2. d4 d5 3. c4 dxe4 4. Nc3 Nf6 5. f3 Nc6 6. d5 exd5 7. cxd5 Ne5 8.
fxe4 Bd6 9. Bg5 h6 10. Bxf6 Qxf6 11. Qd4 O-O 12. O-O-O Bg4 13. Re1 Qh4 14.
Qd2 Bc5 15. Bb5 a6 16. g3 Qg5 17. Qxg5 hxg5 18. Be2 Bxe2 19. Rxe2 Nd3+ 20.
Kd2 Nf2 21. Rxf2 Bxf2 22. Nh3 Bd4 23. Nxg5 Rfe8 24. Kd3 Bxc3 25. Kxc3 c6
26. Rf1 cxd5 27. exd5 Rac8+ 28. Kd4 Rc2 29. h4 Rd2+ 30. Kc3 Rxd5 31. Kc4
Rd7 32. Rf2 Re3 33. Kc5 f6 34. Nf3 Rdd3 35. Nd4 Re5+ 36. Kc4 Rxg3 37. Nf5
b5+ 38. Kb4 Rg4+ 39. Ka5 Ra4+ 40. Kb6 g6 41. Nd6 Re6 42. Rd2 Rxa2 43. Kc6
Ra1 44. Kd7 Rae1 45. Rg2 Kh7 46. Rf2 f5 47. h5 Rf6 48. hxg6+ Kxg6 49. Rg2+
Kh5 50. Rd2 f4 51. Rh2+ Kg4 52. Rg2+ Kh3 53. Rd2 f3 54. b4 f2 55. Rxf2 Rxf2
56. Kc6 Rf4 57. Kb6 Ra1 58. Kc5 Kg3 59. Nb7 Rc1+ 60. Kd5 Rxb4 61. Ke6 Re4+
62. Kd5 Kf4 63. Na5 Re3 64. Kd6 Rd3+ 65. Ke6 Rc7 66. Nc6 Rxc6+ 67. Kf7 Rc7+
68. Ke8 a5 69. Kf8 Rd8#
{Brause checkmated} 0-1

[Event "ICS rated blitz match"]
[Site "192.231.221.16"]
[Date "1997.04.29"]
[Round "-"]
[White "Brause"]
[Black "SKIPPER"]
[Result "1-0"]
[WhiteElo "2725"]
[BlackElo "2435"]
[TimeControl "300+12"]

1. e4 e6 2. d4 d5 3. c4 c6 4. cxd5 cxd5 5. e5 Bb4+ 6. Nc3 Ne7 7. Bg5 Nbc6
8. Nf3 Qa5 9. Qd2 h6 10. Bf4 Bd7 11. Bd3 Rc8 12. O-O Nxd4 13. Nxd4 Rxc3 14.
bxc3 Bxc3 15. Qe3 Bxa1 16. Rxa1 Nc6 17. Nxc6 bxc6 18. Rb1 Ke7 19. Bg5+ f6
20. exf6+ gxf6 21. Bxh6 Qxa2 22. Qc5+ Kf7 23. Rb7 Qa1+ 24. Bb1 Rd8 25.
Rxd7+ Rxd7 26. Qf8#
{SKIPPER checkmated} 1-0

[Event "ICS rated blitz match"]
[Site "192.231.221.16"]
[Date "1997.05.02"]
[Round "-"]
[White "Brause"]
[Black "Mus"]
[Result "1-0"]
[WhiteElo "2673"]
[BlackElo "2136"]
[TimeControl "180+7"]

1. e4 e6 2. d4 d5 3. c4 dxe4 4. Nc3 f5 5. Be2 Nf6 6. Be3 c6 7. Nh3 Bd6 8.
Bh5+ g6 9. Be2 Qc7 10. c5 Bf8 11. Bf4 Qa5 12. Qd2 Bg7 13. O-O O-O 14. Nxe4
Qxd2 15. Nxd2 Nd5 16. Nf3 Nd7 17. Bc4 N7f6 18. Rfe1 Ne4 19. Be5 b5 20. Bxg7
Kxg7 21. Bd3 Nef6 22. Ne5 Bb7 23. a4 a6 24. Nf3 Nc7 25. Nf4
{Mus forfeits on time} 1-0

[Event "ICS rated blitz match"]
[Site "164.58.253.13"]
[Date "1997.05.04"]
[Round "-"]
[White "Brause"]
[Black "resurgam"]
[Result "1-0"]
[WhiteElo "2304"]
[BlackElo "2096"]
[TimeControl "120+12"]

1. e4 e6 2. d4 d5 3. c4 dxe4 4. Nc3 Nf6 5. f3 exf3 6. Nxf3 Be7 7. Bd3 c5 8.
d5 exd5 9. cxd5 O-O 10. O-O Bg4 11. Qb3 Bxf3 12. Rxf3 Qb6 13. Qc4 Nbd7 14.
Bf4 Rfe8 15. Na4 Qb4 16. Qxb4 cxb4 17. Rd1 Nc5 18. Bb5 Red8 19. d6 Nxa4 20.
Bxa4 Bf8 21. d7 Bc5+ 22. Kf1 a6 23. Bc7 b5 24. Bxd8 Rxd8 25. Bb3 Kf8 26.
Rf5 Be7 27. Ke2 g6 28. Rf3 a5 29. g4 h6 30. h4 g5 31. Rdf1 a4 32. Bc2 Kg7
33. hxg5 hxg5 34. Rf5 Rxd7 35. Rxg5+ Kf8 36. Rxb5 a3 37. bxa3 bxa3 38. Rbf5
{resurgam resigns} 1-0

[Event "ICS rated blitz match"]
[Site "164.58.253.13"]
[Date "1997.05.04"]
[Round "-"]
[White "Brause"]
[Black "Younger"]
[Result "1-0"]
[WhiteElo "2297"]
[BlackElo "1124"]
[TimeControl "120+12"]

1. e4 e6 2. d4 d5 3. c4 c6 4. Nc3 Bb4 5. Qg4 g6 6. cxd5 cxd5 7. exd5 exd5
8. Qe2+ Qe7 9. Bg5 Qxe2+ 10. Bxe2 Nc6 11. Nf3 Nge7 12. Rc1 O-O 13. O-O Bg4
14. a3 Bxc3 15. Rxc3 Nf5 16. Rc5 Rfd8 17. Bxd8 Rxd8 18. Rd1
{Younger resigns} 1-0

[Event "ICS rated blitz match"]
[Site "192.231.221.16"]
[Date "1997.05.05"]
[Round "-"]
[White "Brause"]
[Black "H-Bomb"]
[Result "1-0"]
[WhiteElo "2638"]
[BlackElo "1656"]
[TimeControl "300"]

1. e4 e6 2. d4 d5 3. c4 dxe4 4. Nc3 Bb4 5. Qa4+ Nc6 6. Be3 Bxc3+ 7. bxc3
Ne7 8. Qc2 f5 9. f3 exf3 10. Nxf3 O-O 11. Bd3 Ng6 12. Bg5 Qe8 13. O-O b6
14. Rae1 Nd8 15. Bxf5 Qd7 16. Ne5 Nxe5 17. Bxh7+ Kh8 18. Rxf8#
{H-Bomb checkmated} 1-0

[Event "ICS rated blitz match"]
[Site "192.231.221.16"]
[Date "1997.05.05"]
[Round "-"]
[White "Brause"]
[Black "BigOleg"]
[Result "1-0"]
[WhiteElo "2642"]
[BlackElo "2305"]
[TimeControl "300"]

1. e4 e6 2. d4 d5 3. c4 dxe4 4. Nc3 Bb4 5. f3 exf3 6. Nxf3 c5 7. Be3 cxd4
8. Bxd4 Nf6 9. Qc2 Nc6 10. O-O-O Qa5 11. Bxf6 gxf6 12. Ne4 Qxa2 13. Nxf6+
Ke7 14. Ng4 Qa1+ 15. Qb1 Qxb1+ 16. Kxb1 Bd7 17. g3 Rad8 18. Bd3 Bc5 19.
Rhf1 Nb4 20. Ng5 f5 21. Bxf5 Ba4 22. Rxd8 Rxd8 23. Nxe6 Bc2+ 24. Bxc2 Kxe6
25. Re1+ Kf7 26. Bxh7 Rd2 27. Kc1 Rg2 28. Be4
{BigOleg resigns} 1-0

[Event "ICS rated bullet match"]
[Site "192.231.221.16"]
[Date "1997.05.06"]
[Round "-"]
[White "Brause"]
[Black "knightrunner"]
[Result "1-0"]
[WhiteElo "2623"]
[BlackElo "1287"]
[TimeControl "60"]

1. e4 e6 2. d4 d5 3. c4 dxe4 4. Nc3 Bb4 5. Qb3 Nc6 6. Be3 Bd7 7. d5 Bxc3+
8. Qxc3 exd5 9. Qxg7 Qf6 10. Bh6 O-O-O 11. Qxf6 Nxf6 12. Bg7 Nb4 13. Rd1
Nc2+ 14. Ke2
{knightrunner forfeits on time} 1-0

[Event "ICS rated blitz match"]
[Site "164.58.253.13"]
[Date "1997.05.06"]
[Round "-"]
[White "Brause"]
[Black "saxo"]
[Result "0-1"]
[WhiteElo "2313"]
[BlackElo "2014"]
[TimeControl "120+12"]

1. e4 e6 2. d4 d5 3. c4 dxe4 4. Nc3 Nf6 5. f3 exf3 6. Nxf3 Be7 7. Bd3 c5 8.
d5 exd5 9. cxd5 O-O 10. Bc4 Bd6 11. O-O Bg4 12. Nb5 a6 13. Nc3 Nbd7 14. Bg5
b5 15. Be2 Qc7 16. h3 Bh5 17. Re1 Rae8 18. Qd2 b4 19. Na4 Ne4 20. Qc1 Ng3
21. Bd3 Bxf3 22. gxf3 Ne5 23. Qd1 Qd7 24. f4 Nxd3 25. Qxd3 Qxh3 26. Qc4 Qg4
27. Kf2 f6 28. Bh6 gxh6 29. Rxe8 Rxe8 30. Re1 Rxe1 31. Kxe1 Qf3 32. Nb6
Qe3+ 33. Kd1 Bxf4 34. Qxf4 Qxf4 35. Kc2 Qd6 36. Nc4 Qxd5 37. b3 Qd4 38. Nd2
Ne4 39. Nc4 Qc3+ 40. Kd1 Qd3+ 41. Kc1 f5 42. a4 f4 43. Kb2 f3 44. Kc1 f2
45. Kb2 Qc3+ 46. Ka2 Qc2+ 47. Nb2 Nc3+ 48. Ka1 Qb1#
{Brause checkmated} 0-1

[Event "ICS rated blitz match"]
[Site "164.58.253.13"]
[Date "1997.05.06"]
[Round "-"]
[White "Brause"]
[Black "saxo"]
[Result "1/2-1/2"]
[WhiteElo "2286"]
[BlackElo "2041"]
[TimeControl "120+12"]

1. e4 e6 2. d4 d5 3. c4 dxe4 4. Nc3 Nf6 5. f3 exf3 6. Nxf3 Be7 7. Be2 O-O
8. O-O b6 9. Bf4 Bb7 10. Ne5 c5 11. Bf3 Bxf3 12. Qxf3 Nbd7 13. Nc6 Qe8 14.
Nb5 Rc8 15. Nxe7+ Qxe7 16. Bd6 Qe8 17. Nxa7 Ra8 18. Nb5 Qc8 19. Bxf8 Qxf8
20. d5 e5 21. Qe3 Ne8 22. b3 Nd6 23. Nxd6 Qxd6 24. Rf2 g6 25. Raf1 f5 26.
Qg5 Qf6 27. Qxf6 Nxf6 28. Rc2 Nd7 29. Kf2 Kf7 30. Re1 Kf6 31. Ke3 e4 32.
Ra1 Ke5 33. Rf1 Nf6 34. h3 h5 35. Rd2 Ne8 36. Rc2 Nd6 37. Rd1 f4+ 38. Kd2
h4 39. Kc3 g5 40. Re2 e3 41. Kd3 Nf5 42. Rb2 Nd4 43. Ra1 Ra3 44. Rc1 Kf5
45. Re1 Ke5 46. Rh1 Kf5 47. Rhb1 Ke5 48. Re1 Kf5 49. Rc1 Ke5 50. Rc3 Kf5
51. Rc1 Ke5 52. Rf1 Kf5 53. Rh1 Ke5 54. Rh2 Kf5 55. Kc3 Ke4 56. Rh1 Ra7 57.
Re1 Ra3 58. Ra1 Nf5 59. Re2 Nd4 60. Ree1 Nf5 61. Kb2 Ra7 62. a3 Nd4 63.
Rad1 Rg7 64. Rg1 g4 65. hxg4 Rxg4 66. d6 Rg6 67. d7 Rd6 68. Rh1 Rxd7 69.
Rxh4 Rg7 70. Rh2 e2 71. Re1 Ke3 72. Reh1 Kd2 73. b4 e1=Q 74. g3+ Qe2 75.
Rxe2+ Kxe2 76. gxf4 Kd3 77. Rh6 Rg2+ 78. Kb1 Kc3 79. bxc5 bxc5 80. Rh4 Kb3
81. Rh3+ Kxc4 82. Rh4 Rf2 83. Kc1 Rxf4 84. Rxf4 Kb3 85. Rf8 Kxa3 86. Rb8
Ka4 87. Kd2 Nb5 88. Kd3 Kb4 89. Ke4 Kc4 90. Rg8 Nc3+ 91. Ke5 Kb3 92. Rb8+
Kc4 93. Rh8 Kb3 94. Kd6 Kb4 95. Kc6 Ne2 96. Rh2 Nd4+ 97. Kd5 Nb3 98. Rc2
Kb5 99. Rc4 Kb6 100. Rc3 Na5 101. Rxc5 Nb7 102. Rc6+ Kb5 103. Rc2 Kb6 104.
Rb2+ Kc7 105. Rg2 Kb6 106. Rf2 Kc7 107. Rf7+ Kb6 108. Rf6+ Kc7 109. Rc6+
Kd7 110. Rh6 Kc7 111. Rf6 Nd8 112. Rg6 Nb7 113. Rh6 Nd8 114. Rh7+ Kb6 115.
Re7 Nb7 116. Re6+ Kc7 117. Rg6 Nd8 118. Rg2 Nb7 119. Rg7+ Kb6 120. Rg3 Kc7
121. Rc3+ Kd7 122. Rh3 Kc7 123. Rg3 Kb6 124. Rc3 Na5 125. Rc1 Nb7 126. Rc2
Na5 127. Rb2+ Kc7 128. Rb1 Nb7 129. Re1 Kb6 130. Rc1 Na5 131. Rb1+ Kc7 132.
Rh1 Nb7 133. Rh7+ Kb6 134. Rh4 Kc7 135. Rc4+ Kb6 136. Rc8 Kb5 137. Rb8 Kb6
138. Rg8 Kc7 139. Rg5 Kb6 140. Re5 Kc7 141. Re8 Kb6 142. Re1 Kc7 143. Rh1
Kb6 144. Rg1 Kc7 145. Ra1 Kb6 146. Ra3 Kc7 147. Ra7 Kb6 148. Ra1 Kc7 149.
Rd1 Kb6 150. Rd4 Kc7 151. Ke6
{Game drawn by the 50 move rule} 1/2-1/2

[Event "ICS rated blitz match"]
[Site "164.58.253.13"]
[Date "1997.05.07"]
[Round "-"]
[White "Brause"]
[Black "igor"]
[Result "1-0"]
[WhiteElo "2306"]
[BlackElo "1773"]
[TimeControl "300"]

1. e4 e6 2. d4 d5 3. c4 dxe4 4. Nc3 Nf6 5. f3 exf3 6. Nxf3 Bb4 7. Bg5 Bxc3+
8. bxc3 O-O 9. Bd3 Nbd7 10. O-O c6 11. Bf4 Ne8 12. Qd2 f5 13. Ng5 Nef6 14.
Nxe6 Qe7 15. Nxf8 Qxf8 16. Bxf5 Nb6 17. Bxc8 Rxc8 18. c5 Nbd5 19. Be5
{igor resigns} 1-0

[Event "ICS rated blitz match"]
[Site "164.58.253.13"]
[Date "1997.05.07"]
[Round "-"]
[White "Brause"]
[Black "jos"]
[Result "0-1"]
[WhiteElo "2343"]
[BlackElo "2261"]
[TimeControl "300"]

1. e4 e6 2. d4 d5 3. c4 Nc6 4. exd5 exd5 5. Nf3 Be6 6. c5 Nf6 7. Bb5 Be7 8.
O-O O-O 9. Bf4 Nh5 10. Be3 f5 11. Bxc6 bxc6 12. Ne5 Qe8 13. Nxc6 Qxc6 14.
Qxh5 f4 15. Bc1 f3 16. Qe5 Rf5 17. Qg3 Bf6 18. Rd1 fxg2 19. Qxg2 Rb8 20.
Nc3 Rxb2 21. Bxb2 Rg5 22. Qxg5 Bxg5 23. Bc1 Bf6 24. Rb1 Qe8 25. Bf4 Qg6+
26. Bg3 Qc2 27. Nb5 Bg4 28. Rdc1 Qxa2 29. Nxc7 Bxd4 30. c6 Bb2 31. Re1 Bc3
32. Rb8+ Kf7 33. Reb1 Bh3 34. R8b5 a6 35. Rb7 Kg6 36. R7b6 Bd4 37. Rb8 h5
38. R8b7 Bc3 39. Rc1 a5 40. Na6 Qe2 41. Rd7 Be1 42. Rxg7+ Kxg7 43. Be5+ Kf7
44. Ba1 Qf1#
{Brause checkmated} 0-1

[Event "ICS rated blitz match"]
[Site "164.58.253.13"]
[Date "1997.05.07"]
[Round "-"]
[White "Brause"]
[Black "MinoanPrince"]
[Result "1-0"]
[WhiteElo "2338"]
[BlackElo "2051"]
[TimeControl "300+2"]

1. e4 e6 2. d4 d5 3. c4 dxe4 4. Nc3 Nf6 5. f3 c5 6. d5 exd5 7. cxd5 exf3 8.
Nxf3 Bd6 9. Bb5+ Bd7 10. Qe2+ Qe7 11. Qxe7+ Bxe7 12. Bd3 O-O 13. Bf4 Ne8
14. O-O Bd6 15. Be3 Nc7 16. Ng5 f5 17. Rac1 Nba6 18. a3 b5 19. Rcd1 c4 20.
Bb1 Rae8 21. Bxa7 Nc5 22. Ne6 Bxe6 23. dxe6 Rxe6 24. Rxd6 Rxd6 25. Bxc5
Rfd8 26. Bxd6 Rxd6 27. Rxf5
{MinoanPrince resigns} 1-0

[Event "ICS rated blitz match"]
[Site "164.58.253.13"]
[Date "1997.05.07"]
[Round "-"]
[White "Brause"]
[Black "JamesD"]
[Result "1-0"]
[WhiteElo "2330"]
[BlackElo "1688"]
[TimeControl "180+15"]

1. e4 e6 2. d4 d5 3. c4 dxe4 4. Nc3 Nf6 5. f3 exf3 6. Nxf3 c5 7. d5 exd5 8.
cxd5 Bd6 9. Qe2+ Qe7 10. Nb5 O-O 11. Qxe7 Bxe7 12. Nc7 Bf5 13. Nxa8 Nxd5
14. Bc4 Nb4 15. O-O Nc2 16. Ne5
{JamesD resigns} 1-0

[Event "ICS rated blitz match"]
[Site "164.58.253.13"]
[Date "1997.05.08"]
[Round "-"]
[White "Brause"]
[Black "wangle"]
[Result "1-0"]
[WhiteElo "2310"]
[BlackElo "2047"]
[TimeControl "120+3"]

1. e4 e6 2. d4 d5 3. c4 dxe4 4. Nc3 Nf6 5. f3 Bb4 6. Qa4+ Nc6 7. a3 Bxc3+
8. bxc3 O-O 9. Qc2 e3 10. Bxe3 e5 11. d5 Ne7 12. Rd1 Bf5 13. Qf2 Qd7 14.
Bg5 Qa4 15. Qc5 Qd7 16. Be2 Nc8 17. Qb5 Nd6 18. Qb2 b6 19. Qa2 Qa4 20. Rc1
Rfe8 21. Kf1 Nd7 22. Be3 e4 23. Bf4 Nc5 24. Re1 Nd3 25. Bxd3 exd3 26. Bxd6
cxd6 27. g4 Bg6 28. Ra1 Rac8 29. h4 h6 30. h5 Bh7 31. c5 Rxc5 32. Rc1 Qf4
33. Qb2 Rxd5 34. Rd1 Rde5 35. Qd2 Re2 36. Qxf4 Rc2 37. Re1 Rd8 38. Re7
{wangle resigns} 1-0

[Event "ICS rated blitz match"]
[Site "164.58.253.13"]
[Date "1997.05.08"]
[Round "-"]
[White "Brause"]
[Black "wangle"]
[Result "1-0"]
[WhiteElo "2316"]
[BlackElo "2041"]
[TimeControl "120+2"]

1. e4 e6 2. d4 d5 3. c4 dxe4 4. Nc3 Nf6 5. f3 Bb4 6. Qa4+ Nc6 7. a3 Bxc3+
8. bxc3 O-O 9. Qc2 e3 10. Bxe3 e5 11. d5 Ne7 12. Bc5 b6 13. Bxe7 Qxe7 14.
Bd3 e4 15. fxe4 Nxe4 16. Ne2 Bf5 17. O-O Bg6 18. Nd4 Nc5 19. Rae1 Qg5 20.
Bxg6 Qxg6 21. Qxg6 hxg6 22. Re7 Rac8 23. Nb5 a6 24. Nxc7 Na4 25. d6 Nxc3
26. Rc1 Na4 27. Nxa6 Nc5 28. Nxc5 Rxc5 29. d7 Rc7 30. d8=Q Rxd8
{wangle resigns} 1-0

[Event "ICS rated blitz match"]
[Site "164.58.253.13"]
[Date "1997.05.08"]
[Round "-"]
[White "Brause"]
[Black "Lost"]
[Result "1-0"]
[WhiteElo "2309"]
[BlackElo "1997"]
[TimeControl "300"]

1. e4 e6 2. d4 d5 3. c4 dxe4 4. Nc3 Nf6 5. f3 e3 6. Bxe3 Be7 7. Bd3 O-O 8.
Nge2 c5 9. O-O Nc6 10. dxc5 Qa5 11. Na4 Bd7 12. Nec3 Rad8 13. a3 Ne5 14. b4
Bxa4 15. Nxa4 Qc7 16. Nb2 a5 17. Qe2 Nxd3 18. Nxd3 axb4 19. axb4 b6 20.
Rfc1 bxc5 21. Bxc5 Bxc5+ 22. Nxc5 Rd4 23. Rd1 Rfd8 24. Rxd4 Rxd4 25. Ra8+
Rd8 26. Rxd8+ Qxd8 27. Qd3 Qb6 28. Qd4 h6 29. b5 Nd7 30. Nb3 Qb7 31. Na5
Qc7 32. Nc6 e5 33. Qd3 g6 34. Qd5 Kg7 35. c5 h5 36. Kf2 Qb7 37. Qxf7+ Kh6
38. Ne7 Nxc5 39. Qxg6#
{Lost checkmated} 1-0

[Event "ICS rated blitz match"]
[Site "164.58.253.13"]
[Date "1997.05.08"]
[Round "-"]
[White "Brause"]
[Black "Lost"]
[Result "1-0"]
[WhiteElo "2311"]
[BlackElo "1995"]
[TimeControl "300"]

1. e4 e6 2. d4 d5 3. c4 dxe4 4. Nc3 Nf6 5. f3 exf3 6. Nxf3 Be7 7. Be2 O-O
8. O-O b6 9. Bf4 Bb7 10. Nb5 Na6 11. Nc3 c5 12. d5 exd5 13. cxd5 Nb4 14. d6
Bxd6 15. Qxd6 Qe8 16. Bb5 Bc6 17. Bxc6 Nxc6 18. Rfe1 Qc8 19. Ne4 Nxe4 20.
Rxe4 Nb4 21. a3 Nc2 22. Rd1 Qf5 23. Rc4 Rfe8 24. Rd5 Re6 25. Qd8+ Re8 26.
Qxa8 Rxa8 27. Rxf5 Nd4 28. Nxd4 cxd4 29. Rxd4 f6 30. Rd7
{Lost resigns} 1-0

[Event "ICS rated blitz match"]
[Site "164.58.253.13"]
[Date "1997.05.08"]
[Round "-"]
[White "Brause"]
[Black "Lost"]
[Result "1-0"]
[WhiteElo "2315"]
[BlackElo "1991"]
[TimeControl "300"]

1. e4 e6 2. d4 d5 3. c4 dxe4 4. Nc3 Nf6 5. f3 exf3 6. Nxf3 Be7 7. Be2 O-O
8. O-O b6 9. Bf4 Bb7 10. Nb5 Na6 11. Nc3 c6 12. a3 Nc7 13. b4 c5 14. dxc5
bxc5 15. Qxd8 Bxd8 16. bxc5 Na6 17. Bd6 Re8 18. Rab1 Bc6 19. Ne5 Rc8 20.
Nxc6 Rxc6 21. Bf3 Rc8 22. Nb5 Be7 23. Bb7 Rxc5 24. Bxa6 Rxc4 25. Bxe7 Rxe7
26. Nd6 Rc6 27. Rb8+ Ne8 28. Nxe8 Rxa6 29. Nf6#
{Lost checkmated} 1-0

[Event "ICS rated blitz match"]
[Site "164.58.253.13"]
[Date "1997.05.08"]
[Round "-"]
[White "Brause"]
[Black "Lost"]
[Result "1-0"]
[WhiteElo "2319"]
[BlackElo "1987"]
[TimeControl "300"]

1. e4 e6 2. d4 d5 3. c4 dxe4 4. Nc3 Nf6 5. Nge2 Be7 6. Be3 b6 7. Ng3 Bb7 8.
Be2 O-O 9. O-O Nbd7 10. Qc2 c5 11. Rad1 cxd4 12. Bxd4 Qc7 13. Ngxe4 Nxe4
14. Nxe4 e5 15. Bc3 Nf6 16. Nxf6+ Bxf6 17. b4 Rad8 18. Rfe1 Rxd1 19. Rxd1
Rd8 20. Rxd8+ Qxd8 21. a3 g6 22. Qb2 Qe7 23. f4 Kg7 24. Bxe5 Bxe5 25. Qxe5+
Qxe5 26. fxe5 Kf8 27. Kf2 Ke7 28. Bf3 Ba6 29. b5 Bc8 30. Ke3 Be6 31. Kd4
Bf5 32. Be4 Be6 33. c5 bxc5+ 34. Kxc5 Kd7 35. b6 axb6+ 36. Kxb6 Bb3 37. Kc5
Ke6 38. Kd4 f6 39. exf6 Kxf6 40. Bc6 Ke7 41. Ke5 Kd8 42. Kd6 Kc8 43. a4 Kb8
44. Bb5 g5 45. a5 Kb7 46. a6+ Kb6 47. Bd3 h5 48. Ke5 Ba4 49. Kd6 h4 50. g3
hxg3 51. hxg3 Bd1 52. Ke6 Bg4+ 53. Kf6 Bc8 54. Kxg5 Bxa6 55. Bxa6 Kxa6 56.
Kf6
{Lost resigns} 1-0

[Event "ICS rated blitz match"]
[Site "164.58.253.13"]
[Date "1997.05.08"]
[Round "-"]
[White "Brause"]
[Black "Lost"]
[Result "1-0"]
[WhiteElo "2315"]
[BlackElo "1991"]
[TimeControl "300"]

1. e4 e6 2. d4 d5 3. c4 dxe4 4. Nc3 Nf6 5. Nge2 b6 6. Be3 Bb7 7. Ng3 Bb4 8.
Be2 O-O 9. O-O Bxc3 10. bxc3 Nbd7 11. Qd2 c5 12. Bf4 cxd4 13. cxd4 Rc8 14.
Bd6 Re8 15. Rae1 Nf8 16. Bb4 Ng6 17. Qe3 e5 18. d5 Nf4 19. Nf5 Nxe2+ 20.
Qxe2 Ba6 21. Nd6 Qd7 22. a3 Red8 23. Nxc8 Rxc8 24. Rc1 Qf5 25. Rfd1 h6 26.
Be7 Nd7 27. Re1 Re8 28. Bb4 Nf6 29. Qd2 Rc8 30. c5 bxc5 31. Bxc5 Rd8 32.
Qa5 Bd3 33. Qxd8+
{Lost resigns} 1-0

[Event "ICS rated blitz match"]
[Site "164.58.253.13"]
[Date "1997.05.08"]
[Round "-"]
[White "Brause"]
[Black "Lost"]
[Result "1-0"]
[WhiteElo "2319"]
[BlackElo "1987"]
[TimeControl "300"]

1. e4 e6 2. d4 d5 3. c4 dxe4 4. Nc3 Nf6 5. f3 exf3 6. Nxf3 b6 7. Bd3 Bb7 8.
Be3 Be7 9. Qe2 O-O 10. O-O c5 11. dxc5 Bxc5 12. Bxc5 bxc5 13. Rad1 Qc7 14.
Nb5 Qb6 15. Nd6 Bc6 16. Ng5 Nbd7 17. Ndxf7 Rxf7 18. Qxe6 Rf8 19. Bxh7+ Kh8
20. Bg6 Ba4 21. Nxf7+ Rxf7 22. Rd6 Qxb2 23. Rd3 Ne5 24. Rd8+ Be8 25. Rxe8+
Nxe8 26. Qxe8+ Rf8 27. Rxf8#
{Lost checkmated} 1-0

[Event "ICS rated blitz match"]
[Site "164.58.253.13"]
[Date "1997.05.08"]
[Round "-"]
[White "Brause"]
[Black "Lost"]
[Result "1-0"]
[WhiteElo "2323"]
[BlackElo "1983"]
[TimeControl "300"]

1. e4 e6 2. d4 d5 3. c4 dxe4 4. Nc3 Nf6 5. f3 exf3 6. Nxf3 b6 7. Bg5 Bb7 8.
Be2 Be7 9. O-O O-O 10. Qe1 Nc6 11. Rd1 Na5 12. Qg3 Re8 13. Bh6 Bf8 14. Bg5
Be7 15. Bh6 Bf8 16. Bg5 Kh8 17. Ne5 Qe7 18. Qh4 Nc6 19. Nxc6 Bxc6 20. Rxf6
Qb4 21. Bd3 h6 22. Rxh6+ gxh6 23. Bf6+ Kg8 24. Qg4+ Bg7 25. Qxg7#
{Lost checkmated} 1-0

[Event "ICS rated blitz match"]
[Site "164.58.253.13"]
[Date "1997.05.08"]
[Round "-"]
[White "Brause"]
[Black "Lost"]
[Result "1-0"]
[WhiteElo "2327"]
[BlackElo "1979"]
[TimeControl "300"]

1. e4 e6 2. d4 d5 3. c4 dxe4 4. Nc3 Nf6 5. Nge2 Be7 6. Be3 O-O 7. Qc2 b6 8.
Nxe4 Bb7 9. Nxf6+ Bxf6 10. Rd1 Nc6 11. Qc3 Na5 12. b4 Nc6 13. Ng3 Ne7 14.
Nh5 Nf5 15. Rd2 Qe7 16. b5 Rad8 17. Nxf6+ Qxf6 18. Qa3 Nxd4 19. f3 Nf5 20.
Rxd8 Rxd8 21. Bf4 Qd4 22. Qc1 e5 23. Bg3 c6 24. Bf2 Qd6 25. c5 Qd7 26. cxb6
axb6 27. Bxb6 Ra8 28. bxc6 Bxc6 29. Bc4 e4 30. O-O exf3 31. gxf3 Nh4 32.
Qf4 Ng6 33. Qe3 Re8 34. Qc3 Bb7 35. a3 Qf5 36. Qd3 Qg5+ 37. Kh1 Nf4 38. Qd2
Qf6 39. Qd7 Qc6 40. Bxf7+ Kf8 41. Bc5+ Qxc5 42. Qxe8#
{Lost checkmated} 1-0

[Event "ICS rated blitz match"]
[Site "164.58.253.13"]
[Date "1997.05.08"]
[Round "-"]
[White "Brause"]
[Black "MinoanPrince"]
[Result "1-0"]
[WhiteElo "2325"]
[BlackElo "1996"]
[TimeControl "600"]

1. e4 e6 2. d4 d5 3. c4 dxe4 4. Nc3 Nf6 5. f3 Bb4 6. Qa4+ Nc6 7. Be3 Bd7 8.
Qc2 exf3 9. Nxf3 O-O 10. Bd3 g6 11. O-O Re8 12. Bg5 Be7 13. Qd2 Nb4 14. Be2
c5 15. dxc5 Qc7 16. Bxf6 Bxf6 17. Ne4 Be7 18. Qxb4 f5 19. Nd6
{MinoanPrince resigns} 1-0

[Event "ICS rated blitz match"]
[Site "164.58.253.13"]
[Date "1997.05.08"]
[Round "-"]
[White "Brause"]
[Black "MinoanPrince"]
[Result "1-0"]
[WhiteElo "2329"]
[BlackElo "1992"]
[TimeControl "600"]

1. e4 e6 2. d4 d5 3. c4 dxe4 4. Nc3 Nf6 5. f3 exf3 6. Nxf3 b6 7. Bd3 Bb7 8.
Be3 Nbd7 9. O-O Be7 10. Qe1 c5 11. b3 cxd4 12. Nxd4 Nc5 13. Bc2 a6 14. Rd1
Qc7 15. Bf4 Qc8 16. a4 O-O 17. Nf5 exf5 18. Qxe7 Nfe4 19. Nd5 Bxd5 20. Rxd5
Ne6 21. Rxf5 Nxf4 22. R1xf4 Nd6 23. Qxd6
{MinoanPrince resigns} 1-0

[Event "ICS rated blitz match"]
[Site "164.58.253.13"]
[Date "1997.05.08"]
[Round "-"]
[White "Brause"]
[Black "MinoanPrince"]
[Result "1-0"]
[WhiteElo "2335"]
[BlackElo "1986"]
[TimeControl "180"]

1. e4 e6 2. d4 d5 3. c4 dxe4 4. Nc3 c5 5. d5 exd5 6. cxd5 Nf6 7. Bg5 Be7 8.
Bb5+ Bd7 9. d6 Bxb5 10. Nxb5 Qa5+ 11. Nc3 Bd8 12. Ne2 O-O 13. O-O Nc6 14.
Ng3 Re8 15. Re1 h6 16. Bxf6 Bxf6 17. Ngxe4 Bxc3 18. bxc3 Rad8 19. Qb3 b6
20. Qd5 Qa4 21. Ng3 Na5 22. Nf5 Qd7 23. Re7 Rxe7 24. Nxe7+ Kf8 25. Nf5 Nb7
26. Qe5 Re8 27. Qxg7#
{MinoanPrince checkmated} 1-0

[Event "ICS rated blitz match"]
[Site "164.58.253.13"]
[Date "1997.05.08"]
[Round "-"]
[White "Brause"]
[Black "MinoanPrince"]
[Result "1/2-1/2"]
[WhiteElo "2331"]
[BlackElo "1990"]
[TimeControl "180"]

1. e4 e6 2. d4 d5 3. c4 dxe4 4. Nc3 Nf6 5. f3 c5 6. d5 exd5 7. cxd5 exf3 8.
Nxf3 Bd6 9. Bb5+ Bd7 10. Qe2+ Qe7 11. Qxe7+ Bxe7 12. Bd3 O-O 13. O-O Na6
14. Bf4 Nb4 15. Bc4 Ne8 16. Ne5 Rd8 17. Rae1 Bd6 18. b3 Nc2 19. Re2 Nd4 20.
Re3 f6 21. Nxd7 Rxd7 22. Nb5 Bxf4 23. Rxf4 Nd6 24. Nxd6 Rxd6 25. b4 b6 26.
Re7 Rf7 27. Re8+ Rf8 28. Re7 Rf7 29. Re8+ Rf8 30. Re7
{Game drawn by repetition} 1/2-1/2

[Event "ICS rated blitz match"]
[Site "164.58.253.13"]
[Date "1997.05.09"]
[Round "-"]
[White "Brause"]
[Black "zivago"]
[Result "1-0"]
[WhiteElo "2298"]
[BlackElo "2007"]
[TimeControl "180"]

1. e4 e6 2. d4 d5 3. c4 dxe4 4. Nc3 Nf6 5. f3 exf3 6. Nxf3 Bb4 7. Bg5 h6 8.
Bf4 O-O 9. Qd3 c5 10. O-O-O Nc6 11. d5 exd5 12. Nxd5 Nxd5 13. cxd5 Nd4 14.
Nxd4 cxd4 15. Qxd4 Bf5 16. Qxb4 Rc8+ 17. Bc4 Qb6 18. Qc3 Qc5 19. Rd4 b5 20.
g4 Bh7 21. Be5 bxc4 22. Bxg7 Rfe8 23. Bxh6 Re2 24. Rd2 Rxd2 25. Qg7#
{zivago checkmated} 1-0

[Event "ICS rated blitz match"]
[Site "164.58.253.13"]
[Date "1997.05.09"]
[Round "-"]
[White "Brause"]
[Black "MadSmurf"]
[Result "1-0"]
[WhiteElo "2294"]
[BlackElo "1782"]
[TimeControl "120+12"]

1. e4 e6 2. d4 d5 3. c4 dxe4 4. Nc3 Nf6 5. f3 e3 6. Bxe3 Bb4 7. Bd3 O-O 8.
Ne2 b6 9. O-O Bb7 10. a3 Bd6 11. Nb5 Be7 12. Bf4 Na6 13. b4 Nh5 14. Be3 c6
15. Nbc3 Nc7 16. Qc2 Nf6 17. Ne4 h6 18. Bf4 Nh5 19. Be3 Nf6 20. Nxf6+ Bxf6
21. Bh7+ Kh8 22. Be4 Rb8 23. Qa4 c5 24. bxc5 bxc5 25. Qxa7 Bxe4 26. fxe4
cxd4 27. Bxd4 Bxd4+ 28. Qxd4 Qxd4+ 29. Nxd4 Rb2 30. Rf2 Rfb8 31. Rxf7 e5
32. Nc6 R8b7 33. Kf1 Rc2 34. Nxe5 Rbb2 35. Nd3 Rb7 36. Rc1 Rd2 37. Nc5 Rbb2
38. e5 Rxg2 39. Rb1 Rbc2 40. Rb8+ Kh7 41. Nd3 Rxh2 42. Nf2 Rc1+ 43. Ke2
Rc2+ 44. Kd3 Rcxf2 45. Rxc7 Rf3+ 46. Ke4 Rxa3 47. Rbb7 Rg2 48. c5 h5 49.
Rf7 h4 50. e6 Ra1 51. Kd3 h3 52. e7 Re1 53. Rf1 Re6 54. c6 h2 55. c7 Rg1
56. c8=Q Rd6+ 57. Ke2 h1=Q 58. Qf5+ Rdg6 59. Qxg6+ Kxg6 60. e8=Q+ Kh7 61.
Rxg7+ Kxg7 62. Rf7+ Kh6 63. Qh8+ Kg6 64. Qg8+ Kh5 65. Rh7#
{MadSmurf checkmated} 1-0